TOP OF THE 1ST |
Spokane Indians batting - Pitching for Portland Beavers : RHP Roy Smith
|
Pitching: RHP Roy Smith
|
|
Batting: SHB Jose Oquendo
|
0-0: Foul Ball, location: 2F 0-1: Ball 1-1: Ball 2-1: Ball 3-1: Base on Balls
|
Batting: RHB Craig Landis
|
0-0: Ball 1-0: Ball 2-0: Swinging Strike 2-1: Foul Ball, location: 2F 2-2: Strikes out swinging
|
Batting: SHB Chris W Smith
|
0-0: Ball 1-0: SINGLE (Line Drive, 9S, EV 90.0 MPH) Jose Oquendo to second Runner from 2nd tries for 3rd, SAFE, throw by RF made to third
|
Batting: LHB Stu Pederson
|
0-0: Ball 1-0: DOUBLE (Flyball, 89XD, EV 100.0 MPH) Jose Oquendo scores Chris W Smith to third Runner from 3rd tries for Home, SAFE, throw by CF to trailing runner, SAFE at third!
|
Batting: RHB Thomas Franklin
|
0-0: Foul Ball, location: 2F 0-1: Swinging Strike 0-2: Ground out 4-3 (Groundball, 4, EV 85.6 MPH) Stu Pederson scores
|
Batting: LHB Dave Stockstill
|
0-0: Called Strike 0-1: Ball 1-1: Ball 2-1: Ball 3-1: Called Strike 3-2: Base on Balls
|
Batting: RHB Jesse Velazquez
|
0-0: Ball 1-0: Foul Ball, location: 2F 1-1: Ball 2-1: Fly out, F8 (Line Drive, 8LD, EV 93.1 MPH)
|
Top of the 1st over - 3 runs, 2 hits, 0 errors, 1 left on base; Spokane 3 - Portland 0 |
BOTTOM OF THE 1ST |
Portland Beavers batting - Pitching for Spokane Indians : LHP Alberto Argueta
|
Pitching: LHP Alberto Argueta
|
|
Batting: SHB Wally Backman
|
0-0: Bunt missed! 0-1: Ball 1-1: Foul Ball, location: 2F 1-2: Ball 2-2: Ground out 6-3 (Groundball, 6, EV 83.8 MPH)
|
Batting: RHB Brian J Giles
|
0-0: DOUBLE (Line Drive, 89M, EV 93.1 MPH)
|
Batting: RHB Martinho Varandas
|
0-0: Ball 1-0: Foul Ball, location: 2F 1-1: Ball 2-1: Ground out 4-3 (Groundball, 4M, EV 85.0 MPH) Brian J Giles to third
|
Batting: LHB Harold Baines
|
0-0: Called Strike 0-1: Swinging Strike 0-2: Ball 1-2: Fly out, F1 (Line Drive, P, EV 70.6 MPH)
|
Bottom of the 1st over - 0 runs, 1 hit, 0 errors, 1 left on base; Spokane 3 - Portland 0 |
TOP OF THE 2ND |
Spokane Indians batting - Pitching for Portland Beavers : RHP Roy Smith
|
Batting: RHB John Almon
|
0-0: Ball 1-0: Ball 2-0: Called Strike 2-1: Ball 3-1: Ground out 6-3 (Groundball, 6, EV 85.0 MPH)
|
Batting: RHB Larry Fobbs
|
0-0: Ground out U3 (Groundball, 34, EV 88.8 MPH)
|
Batting: SHB Jose Oquendo
|
0-0: Swinging Strike 0-1: Foul Ball, location: 2F 0-2: Strikes out swinging
|
Top of the 2nd over - 0 runs, 0 hits, 0 errors, 0 left on base; Spokane 3 - Portland 0 |
BOTTOM OF THE 2ND |
Portland Beavers batting - Pitching for Spokane Indians : LHP Alberto Argueta
|
Batting: RHB Skeeter Barnes
|
0-0: Ball 1-0: Ball 2-0: Called Strike 2-1: Ball 3-1: Swinging Strike 3-2: Foul Ball, location: 2F 3-2: Fly out, F9 (Line Drive, 9, EV 102.5 MPH)
|
Batting: RHB Larry Littleton
|
0-0: Ball 1-0: Foul Ball, location: 2F 1-1: Ball 2-1: Ground out 6-3 (Groundball, 6, EV 86.9 MPH)
|
Batting: LHB Andre David
|
0-0: Ball 1-0: Ground out U3 (Groundball, 3, EV 90.6 MPH)
|
Bottom of the 2nd over - 0 runs, 0 hits, 0 errors, 0 left on base; Spokane 3 - Portland 0 |
TOP OF THE 3RD |
Spokane Indians batting - Pitching for Portland Beavers : RHP Roy Smith
|
Batting: RHB Craig Landis
|
0-0: Called Strike 0-1: Foul Ball, location: 2F 0-2: Ground out 3-1 (Groundball, 34, EV 103.8 MPH)
|
Batting: SHB Chris W Smith
|
0-0: Swinging Strike 0-1: Ball 1-1: Fly out, F7 (Flyball, 78M, EV 92.5 MPH)
|
Batting: LHB Stu Pederson
|
0-0: Called Strike 0-1: Ball 1-1: Ball 2-1: Ground out 6-3 (Groundball, 6M, EV 88.1 MPH)
|
Top of the 3rd over - 0 runs, 0 hits, 0 errors, 0 left on base; Spokane 3 - Portland 0 |
BOTTOM OF THE 3RD |
Portland Beavers batting - Pitching for Spokane Indians : LHP Alberto Argueta
|
Batting: RHB Dave Huppert
|
0-0: Foul Ball, location: 2F 0-1: Swinging Strike 0-2: Strikes out looking
|
Batting: RHB Robert Ferris
|
0-0: Called Strike 0-1: Swinging Strike 0-2: Strikes out swinging
|
Batting: SHB Wally Backman
|
0-0: Ball 1-0: Fly out, F9 (Flyball, 9S, EV 92.5 MPH)
|
Bottom of the 3rd over - 0 runs, 0 hits, 0 errors, 0 left on base; Spokane 3 - Portland 0 |
TOP OF THE 4TH |
Spokane Indians batting - Pitching for Portland Beavers : RHP Roy Smith
|
Batting: RHB Thomas Franklin
|
0-0: Called Strike 0-1: Ball 1-1: Called Strike 1-2: Fly out, F6 (Popup, 6D, EV 68.8 MPH)
|
Batting: LHB Dave Stockstill
|
0-0: Called Strike 0-1: Ball 1-1: Foul Ball, location: 2F 1-2: Ball 2-2: Ball 3-2: Foul Ball, location: 2F 3-2: Foul Ball, location: 2F 3-2: Base on Balls
|
Batting: RHB Jesse Velazquez
|
0-0: Called Strike 0-1: Foul Ball, location: 2F 0-2: Ball 1-2: Foul Ball, location: 2F 1-2: Ball 2-2: Grounds into double play, 6-4-3 (Groundball, 6M, EV 80.0 MPH)
|
Top of the 4th over - 0 runs, 0 hits, 0 errors, 0 left on base; Spokane 3 - Portland 0 |
BOTTOM OF THE 4TH |
Portland Beavers batting - Pitching for Spokane Indians : LHP Alberto Argueta
|
Batting: RHB Brian J Giles
|
0-0: Bunt for hit to P - play at first, batter safe!
|
Batting: RHB Martinho Varandas
|
0-0: Ball 1-0: Foul Ball, location: 2F 1-1: Ball 2-1: Ball 3-1: Foul Ball, location: 2F 3-2: Foul Ball, location: 2F 3-2: Base on Balls Brian J Giles to second
|
Batting: LHB Harold Baines
|
0-0: 3-RUN HOME RUN (Flyball, 9D, EV 99.4 MPH), Distance : 371 ft
|
Batting: RHB Skeeter Barnes
|
0-0: Ball 1-0: Fly out, F4 (Popup, 23, EV 83.8 MPH)
|
Batting: RHB Larry Littleton
|
0-0: Called Strike 0-1: Ball 1-1: SINGLE (Line Drive, 8LS, EV 95.0 MPH)
|
Batting: LHB Andre David
|
0-0: Called Strike 0-1: Swinging Strike 0-2: Ball 1-2: Fly out, F8 (Flyball, 8LS, EV 75.0 MPH)
|
Batting: RHB Dave Huppert
|
0-0: Ball 1-0: SINGLE (Groundball, 6MD, EV 106.3 MPH) Larry Littleton to second Runner from 2nd tries for 3rd, SAFE, no throw by CF
|
Batting: RHB Robert Ferris
|
0-0: Ball 1-0: Called Strike 1-1: Ball 2-1: Foul Ball, location: 2F 2-2: Fly out, F6 (Popup, 6D, EV 68.1 MPH)
|
Bottom of the 4th over - 3 runs, 4 hits, 0 errors, 2 left on base; Spokane 3 - Portland 3 |
TOP OF THE 5TH |
Spokane Indians batting - Pitching for Portland Beavers : RHP Roy Smith
|
Batting: RHB John Almon
|
0-0: Foul Ball, location: 2F 0-1: Foul Ball, location: 2F 0-2: Ball 1-2: Ball 2-2: Fly out, F7 (Flyball, 7D, EV 98.1 MPH)
|
Batting: RHB Larry Fobbs
|
0-0: Ball 1-0: Called Strike 1-1: Foul Ball, location: 2F 1-2: Fly out, F6 (Popup, 6M, EV 72.5 MPH)
|
Batting: SHB Jose Oquendo
|
0-0: Ball 1-0: Called Strike 1-1: Ball 2-1: Called Strike 2-2: Ball 3-2: Ground out U3 (Groundball, 3, EV 98.1 MPH)
|
Top of the 5th over - 0 runs, 0 hits, 0 errors, 0 left on base; Spokane 3 - Portland 3 |
BOTTOM OF THE 5TH |
Portland Beavers batting - Pitching for Spokane Indians : LHP Alberto Argueta
|
Batting: SHB Wally Backman
|
0-0: Ball 1-0: Bunted foul 1-1: Ball 2-1: Swinging Strike 2-2: Ball 3-2: Foul Ball, location: 2F 3-2: Base on Balls
|
Batting: RHB Brian J Giles
|
0-0: Bunt missed! 0-1: Ball 1-1: Ball 2-1: Ball 3-1: Bunted foul 3-2: SINGLE (Flyball, 8LS, EV 90.0 MPH) Wally Backman to second Runner from 2nd tries for 3rd, SAFE, no throw by CF
|
Batting: RHB Martinho Varandas
|
0-0: Ball 1-0: Grounds into double play, 4-6-3 (Groundball, 4, EV 90.0 MPH) Wally Backman scores
|
Batting: LHB Harold Baines
|
0-0: Fly out, F7 (Flyball, 7, EV 82.5 MPH)
|
Bottom of the 5th over - 1 run, 1 hit, 0 errors, 0 left on base; Spokane 3 - Portland 4 |
TOP OF THE 6TH |
Spokane Indians batting - Pitching for Portland Beavers : RHP Roy Smith
|
Batting: RHB Craig Landis
|
0-0: Called Strike 0-1: Ball 1-1: Ball 2-1: Ball 3-1: Reached on error, E6 (Groundball, 6, EV 85.0 MPH)
|
Batting: SHB Chris W Smith
|
0-0: Called Strike 0-1: Foul Ball, location: 2F 0-2: Ball 1-2: Foul Ball, location: 2F 1-2: Ball 2-2: Ball 3-2: Ground out 4-3 (Groundball, 4S, EV 75.6 MPH) Craig Landis to third
|
Batting: LHB Stu Pederson
|
0-0: Foul Ball, location: 2F 0-1: Ball 1-1: Ball 2-1: Ball 3-1: Foul Ball, location: 2F 3-2: Ground out 4-3 (Groundball, 34, EV 102.5 MPH)
|
Batting: RHB Thomas Franklin
|
0-0: Ball 1-0: Foul Ball, location: 2F 1-1: Called Strike 1-2: Ball 2-2: Foul Ball, location: 2F 2-2: Foul Ball, location: 2F 2-2: Ball 3-2: Ground out 5-3 (Groundball, 5S, EV 90.6 MPH)
|
Top of the 6th over - 0 runs, 0 hits, 1 error, 1 left on base; Spokane 3 - Portland 4 |
BOTTOM OF THE 6TH |
Portland Beavers batting - Pitching for Spokane Indians : LHP Alberto Argueta
|
Batting: RHB Skeeter Barnes
|
0-0: Reached on error, E5 (Groundball, 56S, EV 83.1 MPH)
|
Batting: RHB Larry Littleton
|
0-0: Ball 1-0: Ball 2-0: Called Strike 2-1: Ball 3-1: Called Strike 3-2: Base on Balls Skeeter Barnes to second
|
Batting: LHB Andre David
|
0-0: Ball 1-0: Ball 2-0: Swinging Strike 2-1: Foul Ball, location: 2F 2-2: Ball 3-2: Base on Balls Skeeter Barnes to third Larry Littleton to second
|
Batting: RHB Dave Huppert
|
0-0: Ball 1-0: Foul Ball, location: 2F 1-1: Ball 2-1: Called Strike 2-2: Ball 3-2: Strikes out swinging
|
Batting: RHB Robert Ferris
|
0-0: Swinging Strike 0-1: Ball 1-1: Swinging Strike 1-2: Grounds into fielders choice 6-2 (Groundball, 6, EV 102.5 MPH) Larry Littleton to third Andre David to second
|
Batting: SHB Wally Backman
|
0-0: Ball 1-0: SINGLE (Flyball, 78S, EV 86.9 MPH) Larry Littleton scores Andre David to third Robert Ferris to second Runner from 3rd tries for Home, SAFE, no throw by CF
|
Batting: RHB Brian J Giles
|
0-0: Ball 1-0: Ball 2-0: Swinging Strike 2-1: Ball 3-1: Foul Ball, location: 2F 3-2: Foul Ball, location: 2F 3-2: Base on Balls Robert Ferris to third Wally Backman to second
|
Pitching: RHP Brad Lesley
|
|
Batting: RHB Martinho Varandas
|
0-0: Foul Ball, location: 2F 0-1: Ball 1-1: Ball 2-1: Foul Ball, location: 2F 2-2: Foul Ball, location: 2F 2-2: Ball 3-2: DOUBLE (Flyball, 89XD, EV 110.0 MPH) Robert Ferris scores Wally Backman scores Brian J Giles to third Brian J Giles scores
|
Batting: LHB Harold Baines
|
0-0: Ball 1-0: Ball 2-0: Called Strike 2-1: Called Strike 2-2: Foul Ball, location: 2F 2-2: Foul Ball, location: 2F 2-2: Ball 3-2: Fly out, F7 (Flyball, 7LM, EV 85.0 MPH)
|
Bottom of the 6th over - 5 runs, 2 hits, 1 error, 1 left on base; Spokane 3 - Portland 9 |
TOP OF THE 7TH |
Spokane Indians batting - Pitching for Portland Beavers : RHP Roy Smith
|
Batting: LHB Dave Stockstill
|
0-0: Ball 1-0: Called Strike 1-1: Ball 2-1: Swinging Strike 2-2: Ground out U3 (Groundball, 3, EV 85.6 MPH)
|
Batting: RHB Jesse Velazquez
|
0-0: Ball 1-0: Ground out 5-3 (Groundball, 56, EV 106.9 MPH)
|
Batting: RHB John Almon
|
0-0: Swinging Strike 0-1: Foul Ball, location: 2F 0-2: Ball 1-2: Ground out 5-3 (Groundball, 56S, EV 85.6 MPH)
|
Top of the 7th over - 0 runs, 0 hits, 0 errors, 0 left on base; Spokane 3 - Portland 9 |
BOTTOM OF THE 7TH |
Portland Beavers batting - Pitching for Spokane Indians : RHP Brad Lesley
|
Batting: RHB Skeeter Barnes
|
0-0: Ball 1-0: Called Strike 1-1: Fly out, F8 (Flyball, 89D, EV 76.3 MPH)
|
Batting: RHB Larry Littleton
|
0-0: Ball 1-0: Ball 2-0: SOLO HOME RUN (Flyball, 7D, EV 102.5 MPH), Distance : 386 ft
|
Batting: LHB Andre David
|
0-0: Foul Ball, location: 2F 0-1: Ball 1-1: Fly out, F8 (Flyball, 8RS, EV 91.9 MPH)
|
Batting: RHB Dave Huppert
|
0-0: Called Strike 0-1: Ball 1-1: Ball 2-1: Ball 3-1: Base on Balls
|
Batting: RHB Robert Ferris
|
0-0: Ball 1-0: Ball 2-0: Called Strike 2-1: Ball Wild Pitch! Dave Huppert to second 3-1: Base on Balls
|
Batting: SHB Wally Backman
|
0-0: Swinging Strike 0-1: Swinging Strike 0-2: Strikes out swinging
|
Bottom of the 7th over - 1 run, 1 hit, 0 errors, 2 left on base; Spokane 3 - Portland 10 |
TOP OF THE 8TH |
Spokane Indians batting - Pitching for Portland Beavers : RHP Roy Smith
|
Batting: RHB Larry Fobbs
|
0-0: Ball 1-0: Fly out, F8 (Flyball, 78M, EV 90.0 MPH)
|
Batting: SHB Jose Oquendo
|
0-0: Called Strike 0-1: Called Strike 0-2: Ball 1-2: Ball 2-2: DOUBLE (Groundball, 5L, EV 100.0 MPH)
|
Pitching: LHP Wally Goff
|
|
Batting: RHB Craig Landis
|
0-0: Ball 1-0: Foul Ball, location: 2F 1-1: Ground out 4-3 (Groundball, 4, EV 98.8 MPH) Jose Oquendo to third
|
Batting: SHB Chris W Smith
|
0-0: Ball 1-0: Foul Ball, location: 2F 1-1: Foul Ball, location: 2F 1-2: SINGLE (Groundball, 5S, EV 69.4 MPH) (infield hit) Jose Oquendo scores
|
Batting: LHB Stu Pederson
|
0-0: Ball 1-0: Called Strike 1-1: Ball 2-1: Swinging Strike 2-2: Ball 3-2: Strikes out looking
|
Top of the 8th over - 1 run, 2 hits, 0 errors, 1 left on base; Spokane 4 - Portland 10 |
BOTTOM OF THE 8TH |
Portland Beavers batting - Pitching for Spokane Indians : RHP Brad Lesley
|
Batting: RHB Brian J Giles
|
0-0: Ball 1-0: Ball 2-0: Ball 3-0: Called Strike 3-1: Base on Balls
|
Batting: RHB Martinho Varandas
|
0-0: DOUBLE (Flyball, 89D, EV 100.0 MPH) Brian J Giles to third
|
Batting: LHB Harold Baines
|
0-0: Ball 1-0: Ball 2-0: Ball 3-0: Called Strike 3-1: Foul Ball, location: 2F 3-2: Fly out, F8 (Line Drive, 8RM, EV 98.1 MPH) Runner from 3rd tags up, SCORES, no throw by CF
|
Batting: RHB Skeeter Barnes
|
0-0: Fly out, F4 (Flyball, 34D, EV 88.1 MPH)
|
Batting: RHB Larry Littleton
|
0-0: Reached on error, E4 (Groundball, 4S, EV 88.8 MPH) Martinho Varandas to third
|
Batting: LHB Andre David
|
0-0: Called Strike 0-1: Ball 1-1: Ball 2-1: Ground out 6-3 (Groundball, 6S, EV 83.8 MPH)
|
Bottom of the 8th over - 1 run, 1 hit, 1 error, 2 left on base; Spokane 4 - Portland 11 |
TOP OF THE 9TH |
Spokane Indians batting - Pitching for Portland Beavers : LHP Wally Goff
|
Batting: RHB Thomas Franklin
|
0-0: Ball 1-0: Swinging Strike 1-1: Called Strike 1-2: Foul Ball, location: 2F 1-2: Fly out, F6 (Popup, 6M, EV 61.9 MPH)
|
Batting: LHB Dave Stockstill
|
0-0: Ball 1-0: Ball 2-0: Foul Ball, location: 2F 2-1: Ball 3-1: Foul Ball, location: 2F 3-2: Foul Ball, location: 2F 3-2: Foul Ball, location: 2F 3-2: Base on Balls
|
Batting: RHB Jesse Velazquez
|
0-0: Foul Ball, location: 2F 0-1: Ball 1-1: Ball 2-1: Fly out, F7 (Flyball, 78D, EV 100.0 MPH)
|
Batting: RHB John Almon
|
0-0: Fly out, F7 (Flyball, 78S, EV 81.9 MPH)
|
Top of the 9th over - 0 runs, 0 hits, 0 errors, 1 left on base; Spokane 4 - Portland 11 |
|